TKirby, chaotic male elven Wizard ----------- -------- |..........############ |......| |.........| ------ #.......| |..........################ |....| ###|..>...| |.........| ##.....| # ----.--- |..<......| ------------- # |...(|### # |.........| |*%%.......`| ### |....|# # -.-.--+---- ##....).*.....| # |..@f.# # ### # # |...-----...| ### ------ # ##### ### |...|.{.....| # # ##### # |.%*|{.{|*...### # ### ### |...|. |...| ----.---- ##### # |...-----...| |.......| ## # ### |.....*.....| |.......| ####### # |*.........*| |.......| -+---.----- ### ------------- |.......| |.........| # |......*| |..........## --------- ----------- TKirby the Conjurer Experience level: 5 Strength: 12 Dexterity: 11 Constitution: 14 Intelligence: 20 Wisdom: 9 Charisma: 11 Health: 0(32) Energy: 4(50) Def: 4 Gold: 485 Moves: 2519 Dungeon seed: FfCVZ433PF8IVoDk Game ID: TKirby_1507133757 Your Inventory: Coins $ - 485 gold pieces Weapons a - a blessed +1 quarterstaff (alternate weapon; not wielded) s - a +0 elven dagger (weapon in hand) Armor e - an uncursed +0 cloak of magic resistance (being worn) q - an uncursed +0 studded leather armor (being worn) Comestibles u - 3 uncursed tripe rations Scrolls i - 2 uncursed scrolls of light v - a blessed scroll of enchant weapon w - an uncursed scroll of enchant weapon Spellbooks l - a blessed spellbook of force bolt m - an uncursed spellbook of identify B - an uncursed spellbook of sleep D - an uncursed spellbook of light Potions f - an uncursed potion of polymorph g - an uncursed potion of speed h - an uncursed potion of sleeping Rings c - an uncursed ring of see invisible d - an uncursed +1 ring of gain strength (on left hand) p - an uncursed ring of free action Wands b - a wand of make invisible (0:4) r - a wand of teleportation (0:7) Tools n - an uncursed tooled horn x - an uncursed tin whistle Gems y - an uncursed worthless piece of red glass z - an uncursed worthless piece of blue glass Spells and supernatural/magical abilities: Name Level Category Fail Memory a - force bolt 1 attack 0% 88% l - light 1 divination 0% 99% z - sleep 1 enchantment 0% 99% I - identify 3 divination 71% 88% W - pray for help -- divine ? -- Your skills at the end: Fighting Skills Weapon Skills dagger [Basic] quarterstaff [Basic] Spellcasting Skills attack spells [Basic] enchantment spells [Basic] Final Attributes: You were piously aligned. You were sleep resistant. You were magic-protected. You were telepathic. You had infravision. You are dead. Vanquished creatures: a rock piercer a shrieker a kobold mummy a gray ooze a ghoul a little dog 2 floating eyes a kitten a giant bat 3 orc zombies 5 dwarf zombies an iguana a large kobold a hobgoblin a green mold a red mold 2 jackals 2 foxes 4 goblins a sewer rat 11 grid bugs 2 bats 2 lichens a kobold zombie 4 newts 52 creatures vanquished. Voluntary challenges: You used a wielded weapon 84 times, starting on turn 245. You read items or engraved 4 times, starting on turn 1708. You never genocided any monsters. You never polymorphed an object. You never changed form. You used no wishes. You never split a pudding. You never wrote Elbereth's name. You never violated your personal moral code. Dungeon overview: The Dungeons of Doom: levels 1 to 5 Level 1 a fountain a long staircase Level 2 a fountain Level 3 Level 4 an altar to Ptah a long staircase Level 5 <- You were here some fountains History has recorded: On T:1 you entered the Dungeons of Doom to retrieve the Amulet of Yendor! On T:329 you reached level 2 of The Dungeons of Doom. On T:694 you advanced to experience level 2. On T:729 you reached level 3 of The Dungeons of Doom. On T:1018 you advanced to experience level 3. On T:1294 you reached level 4 of The Dungeons of Doom. On T:1565 you advanced to experience level 4. On T:1787 you reached level 5 of The Dungeons of Doom. On T:2188 you advanced to experience level 5. Score breakdown: Gold: 485 ( 9139 points) Experience: 5 levels (11141 points) Exploration: 5 levels ( 9.80%) ( 8485 points) Discoveries: 9 items ( 3.26%) ( 5417 points) Valuables value: (no points given unless you survive) Artifact value: 0 ( 0 points) Variety of kills: 25 monsters ( 6.56%) ( 7684 points) Turncount: 2519 turns ( -341 points) Survival: died (score multiplied by 80%) Total score: 33220 Latest messages: The imp hits! You hit the imp. The imp hits! You miss the imp. The imp hits! The spell misses the imp. The imp misses. The spell misses the imp. The imp misses. You miss the imp. The imp hits! (2x) As you read the scroll, it disappears. You hear maniacal laughter close by. You are now wearing a ring of gain strength. Ugh. Rotten egg. You finish eating the egg. The kitten bites! You die... Final status: Goodbye TKirby the Wizard, killed by a kitten... You died in The Dungeons of Doom on dungeon level 5 with 33220 points, and 485 pieces of gold, after 2519 moves. You were level 5 with a maximum of 32 hit points when you died.